 Dungeon Crawl Stone Soup version 0.29.0-5-ge4962eb29e (webtiles) character file.

Game seed: 4210034801107611932

2499 gelatine the Cleaver (level 8, -1/63 (67) HPs)
             Began as a Palentonga Fighter on Aug 28, 2022.
             Was a Priest of Ru.
             Slain by a killer bee (5 damage)
             ... on level 8 of the Dungeon on Aug 29, 2022.
             The game lasted 00:29:53 (6518 turns).

gelatine the Cleaver (Palentonga Fighter)           Turns: 6518, Time: 00:29:53

HP:   -1/63 (67)    AC: 18    Str: 21 (24) XL:     8   Next: 28%
MP:   8/8           EV: 13    Int:  6 (8)  God:    Ru [***...]
Gold: 267           SH:  5    Dex: 13 (14) Spells: 7/7 levels left

rFire   . . .      SeeInvis +   a - +1 war axe (protect)
rCold   . . .      Faith    .   c - +0 buckler
rNeg    . . .      Spirit   .   y - +3 ring mail "Mafipidde" {Dex+4}
rPois   +          Reflect  .   s - +1 helmet
rElec   .          Harm     .   (no cloak)
rCorr   .          Rampage  .   (no gloves)
Will    +....                   (no barding)
Stlth   +.........              v - amulet of magic regeneration
HPRegen 0.20/turn               n - ring of poison resistance
MPRegen 0.51/turn               e - +4 ring of evasion

@: brilliant, lethally poisoned (-1 -> -9), exhausted, flying, drained, curled
up
A: large, rugged brown scales 3, see invisible, deformed body, inability to use
devices, inexperienced 1, roll 1, armoured tail, reflexive curl, stinger 1,
strong-willed 1, MP-powered wands
a: Rolling Charge, Renounce Religion, Draw Out Power


You were on level 8 of the Dungeon.
You worshipped Ru.
Ru was most pleased with you.
You visited 1 branch of the dungeon, and saw 8 of its levels.

You collected 267 gold pieces.

Inventory:

Hand Weapons
 a - a +1 war axe of protection (weapon)
 C - a +0 war axe
Missiles
 l - 10 poisoned darts
 A - 6 curare-tipped darts
Armour
 c - a +0 buckler (worn)
 k - the +2 robe of Nihilism {-Tele Drain Will+++ Dex+8}
   (You found it on level 5 of the Dungeon)

   Dex:       It affects your dexterity (+8).
   -Tele:     It prevents most forms of teleportation.
   Drain:     It drains your maximum health when unequipped.
   Will:      It greatly increases your willpower.
 s - a +1 helmet (worn)
 y - the +3 ring mail "Mafipidde" (worn) {Dex+4}
   (You found it on level 3 of the Dungeon)

   Dex:       It affects your dexterity (+4).
Jewellery
 e - a +4 ring of evasion (right hand)
 n - a ring of poison resistance (left hand)
 r - the ring "Adyon" {rC+ Will- rCorr Str+8 Dex-2}
   (You found it on level 5 of the Dungeon)

   [ring of protection from cold]

   Str:       It affects your strength (+8).
   Dex:       It affects your dexterity (-2).
   rC:        It protects you from cold.
   rCorr:     It protects you from acid and corrosion.
   Will:      It decreases your willpower.
 v - an amulet of magic regeneration (around neck)
 z - an amulet of the acrobat
 B - a +4 ring of evasion
Scrolls
 b - a scroll of brand weapon
 h - a scroll of amnesia
 i - a scroll of silence
 m - 3 scrolls of blinking
 t - 5 scrolls of noise {unknown}
 w - 3 scrolls of poison {unknown}
 E - a scroll of magic mapping {unknown}
Potions
 d - 2 potions of might
 f - 3 potions of brilliance
 g - 3 potions of curing
 j - 2 potions of mutation
 o - 4 potions of flight
 p - a potion of resistance
 q - 2 potions of heal wounds {unknown}
 u - a potion of berserk rage {unknown}
 x - 4 potions of degeneration
 D - a potion of attraction {unknown}


   Skills:
 + Level 5.5 Fighting
 + Level 9.6 Axes
 + Level 4.2 Armour
 + Level 2.8 Dodging
 + Level 1.4 Stealth
 + Level 4.1 Shields


You had 7 spell levels left.
You didn't know any spells.
Your spell library contained the following spells:

 Spells                   Type           Power      Damage    Failure   Level
 Animate Armour           Summ/Erth      0%         N/A       100%        4
 Blade Hands              Tmut           0%         N/A       100%        5
 Dispersal                Tloc           0%         N/A       100%        6
 Iron Shot                Conj/Erth      0%         9d1       100%        6
 Disjunction              Tloc           0%         N/A       100%        8


Dungeon Overview and Level Annotations

Branches:
Dungeon (8/15)             Temple (0/1) D:7
   Lair: D:8-11

Altars:
Cheibriados
Dithmenos
Hepliaklqana
Makhleb
Nemelex Xobeh
Okawaru
Ru
Sif Muna
Yredelemnul
Zin
The Shining One

Shops:
D:1 ([[[   D:6 :


Innate Abilities, Weirdness & Mutations

You are completely covered in rugged brown scales. (AC +3, +7% HP)
You have supernaturally acute eyesight. (SInv)
Armour fits poorly on your strangely shaped body.
You cannot study or use magical devices.
You are somewhat inexperienced. (-1 XL)
You can roll at nearby foes to attack.
You have a long armoured tail.
You curl defensively after being hit. (AC +7*)
Your tail ends in a venomous barb.
You are strong-willed. (Will+)
You expend magic power (3 MP) to strengthen your wands.


Message History

You are restored by drawing out deep reserves of power within.
You feel drained. The killer bee closely misses you.
The killer bee stings you but does no damage.
The killer bee stings you.
The killer bee is stunned by your conviction and fails to attack.
You block the killer bee's attack. The killer bee completely misses you.
You block the killer bee's attack. The killer bee closely misses you.
The killer bee stings you but does no damage.
The killer bee stings you. The wyvern closely misses you.
You closely miss the killer bee.
The killer bee is moderately wounded.
You closely miss the killer bee. x2; You barely miss the wyvern.
You closely miss the killer bee. x2; You block the killer bee's attack.
The killer bee stings you but does no damage.
The killer bee stings you. The killer bee misses you. x2
The wyvern bites you!
* * * LOW HITPOINT WARNING * * *
The killer bee closely misses you. The killer bee barely misses you.
The killer bee closely misses you.
The killer bee stings you but does no damage.
You block the killer bee's attack.
The wyvern bites you but does no damage.
It was a potion of mutation.
You feel extremely strange.
A venomous barb forms on the end of your tail.
You feel strong-willed.
You feel your magical essence link to the dungeon's wands.
The killer bee stings you.
* * * LOW HITPOINT WARNING * * *
You are poisoned.
The killer bee poisons you! The killer bee stings you.
* * * LOW HITPOINT WARNING * * *
The killer bee stings you.
* * * LOW HITPOINT WARNING * * *
The killer bee stings you but does no damage.
The killer bee completely misses you. The killer bee misses you.
The killer bee stings you but does no damage.
The killer bee barely misses you.
The killer bee is stunned by your conviction and fails to attack.
The killer bee stings you.
You die...

..........#
..........##
.........#
........#
##......##
#........#
#...<....#
#...l...##
#...y@y.#
#...yyy.#
.........##
#........#
###......#
#......#
##......
#.....#


You could see a wyvern and 5 killer bees.

Vanquished Creatures
  Grinder (D:4)
  Menkaure (D:6)
  2 water moccasins (D:7)
  3 ice beasts
  3 sky beasts
  A black bear (D:5)
  An ogre (D:7)
  A centaur (D:7)
  A phantom (D:6)
  A kobold brigand (D:6)
  3 scorpions
  A killer bee (D:8)
  2 howler monkeys
  3 orc priests
  A gnoll bouda (D:5)
  5 hounds
  A jelly (D:5)
  Terence (D:2)
  2 iguanas (D:4)
  5 orc wizards
  Robin (D:3)
  4 gnolls
  5 adders
  3 white imps
  2 worms
  3 dart slugs (D:1)
  17 orcs
  7 ball pythons
  7 bats
  3 endoplasms
  3 giant cockroaches
  14 goblins
  8 hobgoblins
  12 kobolds
  3 quokkas
  3 frilled lizards (D:1)
  4 rats
138 creatures vanquished.

Vanquished Creatures (others)
  2 plants (D:5)
2 creatures vanquished.

Grand Total: 140 creatures vanquished

Notes
Turn   | Place    | Note
-------+----------+-------------------------------------------
     0 | D:1      | gelatine the Palentonga Fighter began the quest for the
                  | Orb.
     0 | D:1      | Reached XP level 1. HP: 19/19 MP: 1/1
   250 | D:1      | Reached XP level 2. HP: 16/25 MP: 2/2
   562 | D:1      | Reached XP level 3. HP: 31/31 MP: 3/3
   584 | D:1      | Found Saonn's Armour Boutique.
   662 | D:1      | Found Jifevap's Antique Armour Boutique.
   673 | D:1      | Found a faded altar of an unknown god.
   736 | D:1      | Found Zymetu Bufe's Antique Armour Shoppe.
   856 | D:1      | Found Ustemuej's Antique Weapon Emporium.
   956 | D:1      | Prayed at the altar of an unknown god.
   956 | D:1      | Became a worshipper of Ru the Awakened
  1003 | D:1      | Gained mutation: You cannot study or use magical devices.
                  | [Ru sacrifice]
  1003 | D:1      | Reached * piety under Ru
  1003 | D:1      | Reached ** piety under Ru
  1320 | D:2      | Noticed Terence
  1328 | D:2      | Killed Terence
  1329 | D:2      | Reached skill level 3 in Axes
  1329 | D:2      | Reached XP level 4. HP: 23/37 MP: 4/4
  1640 | D:2      | Found a sparkling altar of Nemelex Xobeh.
  1995 | D:3      | Noticed Robin
  2000 | D:3      | Killed Robin
  2069 | D:3      | Identified the +3 ring mail "Mafipidde" {Dex+4}
  2193 | D:3      | Found a shimmering blue altar of Sif Muna.
  2194 | D:3      | Found a burning altar of Makhleb.
  2445 | D:3      | Noticed a shadow
  2446 | D:3      | Found a shadowy altar of Dithmenos.
  2449 | D:3      | Found a hazy altar of Hepliaklqana.
  2561 | D:3      | Found a snail-covered altar of Cheibriados.
  2775 | D:4      | Noticed Grinder
  2786 | D:4      | Reached skill level 1 in Dodging
  2786 | D:4      | Reached XP level 5. HP: 34/43 MP: 5/5
  2788 | D:4      | Paralysed by Grinder for 2 turns
  2789 | D:4      | Reached skill level 4 in Axes
  2990 | D:4      | Killed Grinder
  2991 | D:4      | Reached skill level 5 in Axes
  2991 | D:4      | Reached XP level 6. HP: 43/51 MP: 6/6
  3276 | D:4      | Gained mutation: You curl defensively after being hit. (AC
                  | +7*) [Palentonga growth]
  3276 | D:4      | Reached XP level 7. HP: 57/57 MP: 7/7
  3435 | D:4      | Gained mutation: You are somewhat inexperienced. (-1 XL)
                  | [Ru sacrifice]
  3435 | D:4      | Reached XP level 6. HP: 51/51 MP: 6/6
  3435 | D:4      | Reached *** piety under Ru
  3847 | D:5      | Entered Level 5 of the Dungeon
  3931 | D:5      | Reached skill level 6 in Axes
  4183 | D:5      | Identified the +2 robe of Nihilism {-Tele Drain Will+++
                  | Dex+8}
  4257 | D:5      | Reached skill level 1 in Stealth
  4289 | D:5      | Reached skill level 7 in Axes
  4289 | D:5      | Reached XP level 7. HP: 54/58 MP: 7/7
  4312 | D:5      | Identified the ring "Adyon" {rC+ Will- rCorr Str+8 Dex-2}
  4345 | D:5      | Found a glowing silver altar of Zin.
  4684 | D:6      | Identified the +1 ring mail of the Beekeeper {Dex+3}
  4765 | D:6      | Reached skill level 8 in Axes
  4851 | D:6      | Found Jiyghees's Book Shop.
  4868 | D:6      | Noticed Menkaure
  4871 | D:6      | Killed Menkaure
  4872 | D:6      | Reached skill level 5 in Fighting
  5020 | D:6      | Found a basalt altar of Yredelemnul.
  5871 | D:7      | Found a glowing golden altar of the Shining One.
  5873 | D:7      | Reached skill level 9 in Axes
  5979 | D:7      | Found a staircase to the Ecumenical Temple.
  6003 | D:7      | Reached XP level 8. HP: 66/66 MP: 8/8
  6379 | D:7      | Found an iron altar of Okawaru.
  6518 | D:8      | Gained mutation: Your tail ends in a venomous barb. [potion
                  | of mutation]
  6518 | D:8      | Gained mutation: You are strong-willed. (Will+) [potion of
                  | mutation]
  6518 | D:8      | Gained mutation: You expend magic power (3 MP) to
                  | strengthen your wands. [potion of mutation]
  6518 | D:8      | Slain by a killer bee

Illustrated notes

Levels and vault maps discovered:
D:1:      dpeg_arrival_circle_labyrinth_a, layout_rooms,
          nicolae_ecumenical_lake_church, serial_shops,
          nicolae_shop_statue_plus, shop, nicolae_square_shop, shop,
          nicolae_titane
D:2:      layout_basic, basic_altar, uniq_terence
D:3:      layout_loops_ring, riverfiend_overflow_shadow_ancestor,
          mainiacjoe_overflow_alcove_1, minitemple, hangedman_decor_points,
          uniq_robin
D:4:      layout_cave_pods, uniq_grinder
D:5:      layout_basic, mainiacjoe_overflow_cross_hatched, serial_bayou_pond_b
D:6:      lemuel_ice_spiral_2, layout_basic, mainiacjoe_overflow_boulevard,
          serial_shops, shop, dreamdust_princess_bridge, uniq_menkaure
D:7:      layout_basic, okawaru_metal_pillars_1_2,
          mainiacjoe_overflow_small_starburst, minmay_temple_entry_junction
D:8:      layout_cave_pods, amcnicky_altar_gilded, nicolae_uskayaw_en_pointe,
          serial_shops, shop, uniq_maggie

Skill      XL: |  1  2  3  4  5  6  7  8 |
---------------+-------------------------+-----
Shields        | 3 4 |  4.1
Axes           | 3 5 7 9 |  9.6
Dodging        | 1 2 |  2.8
Fighting       | 4 5 |  5.5
Armour         | 3 4 |  4.2
Stealth        | 1 |  1.4

Action                   |  1- 3 |  4- 6 |  7- 9 || total
-------------------------+-------+-------+-------++-------
Melee: War axe           |    91 |   164 |   123 ||   378
       Tailslap          |     8 |    13 |    20 ||    41
Throw: Dart              |     2 |       |       ||     2
Invok: Sacrifice Artific |     1 |       |       ||     1
       Sacrifice Experie |       |     1 |       ||     1
       Reject Sacrifices |       |       |     1 ||     1
       Draw Out Power    |       |       |     1 ||     1
 Abil: Rolling Charge    |    15 |    18 |    24 ||    57
  Use: Scroll            |       |     9 |       ||     9
       Potion            |       |       |     6 ||     6
 Stab: Invisible         |       |       |     1 ||     1
Armor: Scale mail        |    42 |       |       ||    42
       Robe              |     2 |    16 |       ||    18
       Ring mail         |       |    60 |    63 ||   123
Dodge: Dodged            |    24 |   111 |   110 ||   245
Block: Buckler           |    11 |    34 |    48 ||    93
